Unix NetHack Version 3.7.0-62 Work-in-progress - last build Sep 2 2022 02:52:47 (543939c2dbb43fd0a93021261b6903a768c08772,branch:master). Game began 2022-08-31 02:35:16, ended 2022-09-03 14:41:37. Gandelf, neutral male human Monk # # y --.---.------- |............| .............| |.....O@.....| |............| |............+ -------------- Gandelf the Initiate St:16 Dx:11 Co:15 In:13 Wi:15 Ch:8 Neutral S:11248 Dlvl:11 $:1918 HP:0(65) Pw:46(46) AC:1 Xp:8/2205 T:5713 Weak Burdened Latest messages: You can move again. The invisible mountain nymph steals a +0 pair of iron shoes! The invisible mountain nymph vanishes! You are beginning to feel hungry. There is nothing here to pick up. You see here 71 gold pieces. You have a little trouble lifting $ - 71 gold pieces (1918 in total). The newt bites! You kill the newt! You see here a newt corpse. You have a little trouble lifting d - a newt corpse. Where do you want to travel to? (For instructions type a '?') What do you want to sacrifice? [d or ?*] o That is a silly thing to sacrifice. What do you want to sacrifice? [d or ?*] d Your sacrifice is consumed in a cloud of smoke! You sense a conflict between Chih Sung-tzu and Huan Ti. You feel the power of Chih Sung-tzu increase. The altar glows gray. You are beginning to feel weak. The invisible mountain nymph appears close by! Mr Gallagher misses the invisible mountain nymph. Mr Gallagher hits the invisible mountain nymph. The invisible mountain nymph smiles at Mr Gallagher engagingly. The invisible mountain nymph hits Mr Gallagher. The invisible mountain nymph zaps a marble wand! The invisible mountain nymph has made a hole in the floor. The invisible mountain nymph falls through... There's a gaping hole under you! The ogre wields a club! You hit the ogre! The ogre swings her club. The ogre hits! You hit the ogre! The ogre swings her club. The ogre hits! You hit the ogre! The ogre swings her club. The ogre hits! The ogre swings her club. The ogre hits! You hit the ogre! The ogre swings her club. The ogre hits! You hit the ogre! The ogre swings her club. The ogre hits! You die... Do you want your possessions identified? [ynq] (y) q Inventory: Coins $ - 1918 gold pieces Amulets k - a cursed amulet of restful sleep Weapons G - 7 +0 elven arrows I - 13 +0 darts Armor y - an uncursed +1 dwarvish iron helm (being worn) a - an uncursed +2 pair of leather gloves (being worn) m - an uncursed +0 pair of elven boots o - an uncursed +0 dwarvish cloak b - an uncursed +1 robe (being worn) Comestibles z - an uncursed slime mold h - 3 uncursed apples W - an uncursed candy bar labeled "Choco Nummer" B - an uncursed cream pie q - 4 uncursed food rations j - 3 uncursed fortune cookies i - 4 uncursed oranges K - 2 uncursed pancakes Q - an uncursed tripe ration Scrolls Y - a cursed scroll of destroy armor R - an uncursed scroll of earth N - an uncursed scroll of enchant armor Z - an uncursed scroll of enchant weapon X - a cursed scroll of remove curse H - a blessed scroll of teleportation Spellbooks c - a blessed spellbook of confuse monster g - an uncursed spellbook of detect treasure S - an uncursed spellbook of healing Potions A - a blessed potion of object detection e - an uncursed potion of water T - 6 uncursed potions of water Rings f - an uncursed ring of stealth Wands J - a wand of teleportation (0:7) Tools s - an uncursed leash w - an uncursed lock pick F - an uncursed mirror O - a +0 pick-axe u - an uncursed towel Gems/Stones M - an uncursed opal L - 2 uncursed worthless pieces of black glass l - an uncursed worthless piece of blue glass C - 2 uncursed worthless pieces of green glass V - an uncursed worthless piece of green glass P - an uncursed worthless piece of red glass D - a cursed worthless piece of red glass U - an uncursed worthless piece of white glass p - 2 uncursed worthless pieces of yellow glass E - an uncursed worthless piece of yellowish brown glass x - an uncursed touchstone r - 13 uncursed rocks Gandelf the Monk's attributes: Background: You were an Initiate, a level 8 male human Monk. You were neutral, on a mission for Chih Sung-tzu who was opposed by Shan Lai Ching (lawful) and Huan Ti (chaotic). You were in the Dungeons of Doom, on level 11. You entered the dungeon 5713 turns ago. You had 2205 experience points, 355 more were needed to attain level 9. Your score was 11248 before end-of-game adjustments. Basics: You had 0 out of 65 hit points. You had all 46 energy points (spell power). Your armor class was 1. Your wallet contained 1918 zorkmids. Autopickup was off. Final Characteristics: Your strength was 16 (base:17, limit:18/100). Your dexterity was 11 (limit:18). Your constitution was 15 (limit:18). Your intelligence was 13 (limit:18). Your wisdom was 15 (limit:18). Your charisma was 8 (limit:18). Final Status: You were weak from severe hunger. You were burdened; movement was slightly slowed. You were empty handed. You were skilled in martial arts and could have enhanced that. Final Attributes: You were piously aligned. You were sleep resistant. You were poison resistant. You saw invisible. You were warned. You were stealthy. You were guarded. You were fast. You were lucky. You are dead. Miscellaneous: You never encountered a bones level. Total elapsed playing time was 49 minutes and 38 seconds. Major events: Turn 1: Gandelf the neutral male human Monk entered the dungeon 501: entered the Gnomish Mines 525: attained the rank of Novice (level 3) 840: reached Mine Town 904: attained the rank of Initiate (level 6) 3669: entered Sokoban 5713: killed by an ogre Vanquished creatures: 2 small mimics a tengu 2 quivering blobs a cockatrice a panther a horse a black light a brown pudding 4 Green-elves a lizard a chickatrice 2 dingoes a dog a jaguar a black unicorn a dust vortex a raven a human zombie a Woodland-elf 2 soldier ants a fire ant a bugbear a wood nymph a water nymph 6 Mordor orcs an orc shaman a rock piercer a yellow light a violet fungus 8 gnome leaders 3 gnomish wizards 2 gray oozes a ghoul 3 giant ants a little dog 3 floating eyes 6 dwarves a homunculus a kobold leader 8 hill orcs 4 rothes 2 rabid rats 4 giant bats 2 werejackals 5 iguanas 5 killer bees a gas spore a hobgoblin a giant rat 2 brown molds 2 yellow molds a green mold 18 gnomes a gnome zombie 3 geckos 5 jackals a fox 3 kobolds 3 goblins 4 sewer rats 2 grid bugs 2 bats 4 lichens a kobold zombie 5 newts 160 creatures vanquished. No species were genocided or became extinct. Voluntary challenges: You followed a strict vegan diet. You read items or engraved 1 time. You never engraved Elbereth. You never genocided any monsters. You never polymorphed an object. You never changed form. You used no wishes. You did not violate any of the special Sokoban rules. Achievements: You entered the Gnomish Mines. You attained the rank of Novice. You entered Minetown. You entered a temple. You attained the rank of Initiate. You entered a shop. You entered Sokoban. The Dungeons of Doom: levels 1 to 11 Level 1: Level 2: Stairs down to The Gnomish Mines. Level 3: A fountain. Level 4: Level 5: Level 6: Level 7: Many fountains. Level 8: Stairs up to Sokoban, level 7. Level 9: A sink. Level 10: An altar to Chih Sung-tzu. Level 11: <- You were here. Final resting place for you, killed by an ogre. The Gnomish Mines: levels 3 to 5 Level 3: Level 4: Level 5: Many shops, a temple, many fountains. Sokoban: Level 7: Unsolved. Game over: ---------- / \ / REST \ / IN \ / PEACE \ / \ | Gandelf | | 1918 Au | | killed by an | | ogre | | | | | | 2022 | *| * * * | * _________)/\\_//(\/(/\)/\//\/|_)_______ Goodbye Gandelf the Monk... You died in The Dungeons of Doom on dungeon level 11 with 11057 points, and 1918 pieces of gold, after 5713 moves. You were level 8 with a maximum of 65 hit points when you died.